 Dungeon Crawl Stone Soup version 0.32-a0-656-g3542139ebd (webtiles) character file.

Game seed: 9901686895252944156

39566 backslashecho the Severer (level 13, -4/115 HPs)
             Began as a Mountain Dwarf Fighter on Mar 8, 2024.
             Was the Champion of Dithmenos.
             Slain by a cane toad (13 damage)
             ... on level 5 of the Lair of Beasts on Mar 9, 2024.
             The game lasted 00:35:23 (15418 turns).

backslashecho the Severer (Mountain Dwarf Fighter) Turns: 15418, Time: 00:35:23

Health: -4/115     AC: 28    Str: 19    XL:     13   Next: 69%
Magic:  19/19      EV:  7    Int: 14    God:    Dithmenos [******]
Gold:   608        SH: 11    Dex:  9    Spells: 9/16 levels left

rFire   . . .        a - +1 war axe (flame)
rCold   . . .        n - +0 kite shield
rNeg    . . .        D - +2 chain mail {rPois}
rPois   +            o - +2 helmet
rElec   .            e - +0 cloak {Will+}
rCorr   .            i - +0 pair of gloves
SInv    .            C - +0 pair of boots
Will    ++...        z - amulet of regeneration Stlth
                     f - +4 ring of protection
HPRegen 1.19/turn    J - +4 ring of protection
MPRegen 0.16/turn

%: no passive effects
@: lethally poisoned (-4 -> -11), wreathed by umbra
A: runic magic, artefact enchanting
a: Renounce Religion, Shadow Step, Shadow Form


You were on level 5 of the Lair of Beasts.
You worshipped Dithmenos.
Dithmenos was exalted by your worship.
You visited 3 branches of the dungeon, and saw 16 of its levels.
You also visited: Sewer.

You collected 1028 gold pieces.
You spent 420 gold pieces at shops.

Inventory:

Hand Weapons
 a - a +1 war axe of flaming (weapon)
Missiles
 F - 15 poisoned darts (quivered)
 O - 6 curare-tipped darts
Armour
 c - a +0 buckler
 e - a +0 cloak of willpower (worn)
 i - a +0 pair of gloves (worn)
 n - a +0 kite shield (worn)
 o - a +2 helmet (worn)
 p - the +2 robe of Viliobasm {rElec Str+5}
   (You found it on level 3 of the Dungeon)

   Str+5:     It affects your strength (+5).
   rElec:     It insulates you from electricity.
 C - a +0 pair of boots (worn)
 D - a +2 chain mail of poison resistance (worn)
Jewellery
 f - a +4 ring of protection (left hand)
 l - a ring of ice
 z - an amulet of regeneration (around neck)
 G - a ring of fire
 J - a +4 ring of protection (right hand)
 N - a ring of poison resistance
 P - a +6 ring of intelligence
 Q - a +4 ring of protection
Wands
 j - a wand of digging (9)
 q - a wand of flame (14)
 H - a wand of iceblast (1)
 I - a wand of quicksilver (5)
Scrolls
 b - 3 scrolls of enchant armour
 g - 2 scrolls of fear
 h - 6 scrolls of teleportation
 k - 9 scrolls of fog
 s - a scroll of noise
 y - a scroll of vulnerability
 A - 2 scrolls of blinking
 B - 2 scrolls of immolation
 E - 3 scrolls of identify
Potions
 d - 4 potions of enlightenment
 m - 3 potions of brilliance
 r - 2 potions of magic
 t - 4 potions of cancellation
 u - 3 potions of curing
 v - 2 potions of heal wounds
 w - a potion of mutation
 K - a potion of berserk rage {unknown}
 L - 2 potions of lignification {unknown}
 M - a potion of degeneration {unknown}
Miscellaneous
 x - a sack of spiders


   Skills:
 + Level 10.8 Fighting
 - Level 18.0 Axes
 - Level 9.0 Armour
 + Level 11.8 Shields
 - Level 2.0 Spellcasting
 - Level 6.0 Translocations
 + Level 8.3 Invocations


You had 9 spell levels left.
You knew the following spells:

 Your Spells              Type           Power      Damage    Failure   Level
a - Dazzling Flash        Conj/Hex       2%         N/A       90%         3
b - Blink                 Tloc           36%        N/A       9%          2
c - Lesser Beckoning      Tloc           36%        N/A       9%          2

Your spell library contained the following spells:

 Spells                   Type           Power      Damage    Failure   Level
 Momentum Strike          Conj/Tloc      18%        3d8       30%         2
 Volatile Blastmotes      Fire/Tloc      18%        2d11      52%         3
 Magic Dart               Conj           4%         1d3       56%         1
 Summon Small Mammal      Summ           4%         N/A       56%         1
 Call Imp                 Summ           2%         N/A       71%         2
 Searing Ray              Conj           2%         2d4       71%         2
 Dimensional Bullseye     Hex/Tloc       4%         N/A       89%         4
 Call Canine Familiar     Summ           1%         N/A       90%         3
 Sigil of Binding         Hex            1%         N/A       90%         3
 Cause Fear               Hex            0%         N/A       100%        4
 Fulminant Prism          Conj/Alch      0%         3d5       100%        4
 Summon Blazeheart Golem  Fire/Summ      1%         N/A       100%        4
 Fireball                 Conj/Fire      0%         3d3       100%        5
 Conjure Ball Lightning   Conj/Air       0%         3x3d6     100%        6
 Starburst                Conj/Fire      0%         6d3       100%        6
 Discord                  Hex            0%         N/A       100%        8
 Disjunction              Tloc           9%         N/A       100%        8
 Maxwell's Capacitive Co  Air            0%         ∞         100%        8
 Dragon's Call            Summ           0%         N/A       100%        9


Dungeon Overview and Level Annotations

Branches:
Dungeon (10/15)            Temple (1/1) D:5            Lair (5/5) D:9
 Shoals (0/4) Lair:2       Spider (0/4) Lair:2        Sewer (visited)
  Slime: Lair:4-5       Orc: D:9-12

Altars:
Ashenzari
Cheibriados
Dithmenos
Elyvilon
Fedhas
Gozag
Hepliaklqana
Makhleb
Nemelex Xobeh
Okawaru
Qazlal
Ru
Sif Muna
Trog
Uskayaw
Vehumet
Wu Jian
Xom
Yredelemnul
Zin
The Shining One
Lugonu

Shops:
D:4 ::   D:8 [

Annotations:
D:10 Sonja


Innate Abilities, Weirdness & Mutations

Your spellcasting is much less encumbered by armour.
You can use scrolls of enchantment on lesser artefacts.


Message History

There is a stone staircase leading down here.
You climb downwards.
The lindwurm roars!
The six-headed hydra roars!
You hear a croak.
You hear a loud, deep croak!
There is a stone staircase leading up here.
You slice one of the six-headed hydra's heads off!
The flame cauterises the wound!
You slice the five-headed hydra!! You burn the five-headed hydra!
The five-headed hydra is moderately wounded.
You chop one of the five-headed hydra's heads off!
The flame cauterises the wound!
You hit the four-headed hydra. You burn the four-headed hydra.
The four-headed hydra is heavily wounded.
The four-headed hydra barely misses you. x2
The four-headed hydra bites you!
The four-headed hydra bites you but does no damage.
You take 12 damage, and have 102/114 hp.
You hack one of the four-headed hydra's heads off!
The flame cauterises the wound!
You slash the three-headed hydra! You burn the three-headed hydra.
The three-headed hydra is severely wounded.
A cane toad comes into view.
The three-headed hydra bites you.
You block the three-headed hydra's attack.
The three-headed hydra bites you!
You hit the three-headed hydra. You burn the three-headed hydra.
The three-headed hydra is severely wounded.
You barely miss the lindwurm.
A cane toad comes into view.
The three-headed hydra bites you but does no damage.
The three-headed hydra bites you.
The three-headed hydra bites you but does no damage.
The lindwurm bites you. The lindwurm barely misses you.
The lindwurm claws you but does no damage.
You take 20 damage, and have 82/114 hp.
The cane toad gives a loud, deep croak!
You lop one of the three-headed hydra's heads off!
The flame cauterises the wound!
You slash the two-headed hydra! You burn the two-headed hydra.
The two-headed hydra is almost dead.
You barely miss the lindwurm.
Unknown command.
You lop one of the two-headed hydra's heads off!
The flame cauterises the wound!
You slice the one-headed hydra!! You burn the one-headed hydra.
You kill the one-headed hydra!
Dithmenos accepts your kill.
You hit the lindwurm. You burn the lindwurm.
The lindwurm breathes flames at you. The blast of flame misses you.
You barely miss the lindwurm.
The lindwurm is lightly wounded.
Your shadow hits the lindwurm with a war axe.
The lindwurm bites you! You block the lindwurm's attack.
The lindwurm claws you but does no damage.
You take 6 damage, and have 77/115 hp.
You hit the lindwurm. You burn the lindwurm.
The lindwurm is moderately wounded.
You block the lindwurm's attack. The lindwurm claws you. x2
A cane toad comes into view.
You take 3 damage, and have 74/115 hp.
Unknown command.
You closely miss the lindwurm.
The lindwurm is moderately wounded.
The cane toad croaks.
You hit the lindwurm but do no damage.
The lindwurm is moderately wounded.
You closely miss the cane toad.
Your shadow hits the lindwurm with a war axe.
Your shadow closely misses the cane toad.
The lindwurm closely misses you.
The lindwurm claws you but does no damage. x2
The cane toad stings you!
You are poisoned.
The cane toad poisons you!
You take 9 damage, and have 66/115 hp.
You hit the lindwurm. You burn the lindwurm.
The lindwurm is heavily wounded.
You slash the cane toad! You burn the cane toad. You slash the cane toad!
You burn the cane toad.
You feel very sick. The lindwurm barely misses you.
The lindwurm claws you but does no damage. x2
The cane toad stings you. The cane toad stings you!
You take 14 damage, and have 52/115 hp.
You closely miss the lindwurm.
The lindwurm is heavily wounded.
You hit the cane toad but do no damage. You hit the cane toad.
You burn the cane toad.
Your shadow hits the lindwurm but does no damage.
Your shadow hits the cane toad with a war axe. x2
You feel very sick. The lindwurm breathes flames at you.
The blast of flame hits you!!!
* * * LOW HITPOINT WARNING * * *
You emit a cloud of dark smoke.
A boulder beetle comes into view.
The cane toad stings you but does no damage.
The cane toad stings you!
You die...

.#..........
#...........
#..........B
.......F... #
#........P.
#.#P......#
..#...kFF.P#
.......@§.P#
......§.§.##
..........#
............
#P.#.#.......
##
##..........
#......P..
P.....P.##


You could see a boulder beetle (wandering), a lindwurm (catching breath) and 3
cane toads.

Vanquished Creatures
  Fannar (D:9)
  5 hydras
  A catoblepas (Lair:3)
  Erica (D:8)
  A two-headed ogre (D:8)
  5 death yaks (Lair:4)
  Nergalle (D:9)
  2 skysharks (Lair:4)
  Pikel (D:7)
  A cyclops (D:7)
  17 elephants
  3 black mambas
  2 torpor snails (Lair:3)
  9 cane toads
  Psyche (D:9)
  6 komodo dragons
  Grinder (D:4)
  3 polar bears
  2 hornets (D:9)
  9 blink frogs (Lair:2)
  A troll (D:7)
  11 dream sheep
  Sigmund (D:3)
  3 wyverns
  A shadow (D:9)
  3 basilisks
  21 yaks
  Eustachio (D:4)
  Menkaure (D:7)
  11 water moccasins
  A swamp drake (D:9)
  3 orc warriors
  2 ice beasts
  A crocodile (Sewer)
  9 centaurs
  4 ogres
  A tengu (Sewer)
  11 wolves
  2 phantoms (D:6)
  A lemure (D:7)
  A kobold brigand (D:9)
  13 bullfrogs
  2 gnoll sergeants (D:9)
  2 scorpions
  4 wights (D:8)
  4 howler monkeys
  6 hounds
  A jelly (D:7)
  3 bombardier beetles
  2 gnoll boudas
  6 orc priests
  Ijyb (D:3)
  2 iguanas
  2 sleepcaps
  Terence (D:3)
  14 orc wizards
  Natasha (thrice) (D:2)
  A sickly merfolk siren (Sewer)
  7 hell rats (Lair:4)
  A malarious merfolk avatar (Sewer)
  7 adders
  12 gnolls
  A river rat (Sewer)
  A shadow imp (D:7)
  2 white imps
  A dart slug (D:1)
  46 orcs
  4 endoplasms
  6 giant cockroaches
  8 goblins
  6 hobgoblins
  2 jackals (D:1)
  7 quokkas
  10 ball pythons
  3 bats
  6 frilled lizards
  12 kobolds
  24 rats
395 creatures vanquished.

Vanquished Creatures (collateral kills)
  Snorg (D:9)
  A steam dragon (D:8)
2 creatures vanquished.

Vanquished Creatures (others)
  An orc wizard (D:9)
1 creature vanquished.

Grand Total: 398 creatures vanquished

Notes
Turn   | Place    | Note
-------+----------+-------------------------------------------
     0 | D:1      | backslashecho the Mountain Dwarf Fighter began the quest
                  | for the Orb.
     0 | D:1      | Reached XP level 1. HP: 19/19 MP: 1/1
    29 | D:1      | Found a faded altar of an unknown god.
    84 | D:1      | Prayed at the altar of an unknown god.
    84 | D:1      | Became a worshipper of Dithmenos the Shadowed
    84 | D:1      | Reached * piety under Dithmenos
   163 | D:1      | Reached XP level 2. HP: 26/26 MP: 2/2
   191 | D:1      | Reached skill level 3 in Axes
   553 | D:1      | Reached skill level 1 in Invocations
   669 | D:2      | You fall into a shaft and drop 2 floors!
   685 | D:4      | Reached XP level 3. HP: 23/33 MP: 2/4
   740 | D:4      | Reached ** piety under Dithmenos
   741 | D:4      | Reached XP level 4. HP: 39/40 MP: 5/5
   756 | D:4      | Reached skill level 4 in Axes
   797 | D:3      | Reached XP level 5. HP: 25/46 MP: 6/6
   909 | D:3      | Noticed Terence
   912 | D:3      | Noticed Ijyb
   920 | D:3      | Killed Ijyb
   922 | D:3      | Killed Terence
   977 | D:4      | Noticed a +0 spear
   978 | D:4      | Noticed a +0 spear
   978 | D:4      | Noticed a +0 dagger
   979 | D:4      | Noticed a +0 short sword
   980 | D:4      | Noticed a +0 short sword
   981 | D:4      | Noticed a +0 dagger
   982 | D:4      | Noticed a +0 falchion
   983 | D:4      | Found a glowing drain.
  1018 | D:4      | Reached skill level 5 in Axes
  1027 | Sewer    | Entered a sewer
  1114 | Sewer    | Noticed a crocodile
  1126 | Sewer    | a crocodile changed into a tengu
  1126 | Sewer    | Noticed a tengu
  1136 | Sewer    | Killed a tengu
  1137 | Sewer    | Reached XP level 6. HP: 11/53 MP: 8/8
  1421 | Sewer    | Reached *** piety under Dithmenos
  1489 | Sewer    | Reached skill level 6 in Axes
  1754 | D:3      | Noticed Sigmund
  1769 | D:4      | Noticed a +0 falchion
  1771 | D:4      | Found a hide-covered altar of Uskayaw.
  1933 | D:3      | Identified the +2 robe of Viliobasm {rElec Str+5}
  2010 | D:2      | Noticed Natasha
  2017 | D:2      | Killed Natasha
  2018 | D:2      | Reached XP level 7. HP: 55/60 MP: 9/9
  2524 | D:2      | Noticed Natasha
  2544 | D:2      | Killed Natasha
  2545 | D:2      | Reached skill level 5 in Shields
  2693 | D:2      | Noticed Natasha
  2724 | D:2      | Killed Natasha
  3066 | D:4      | Reached skill level 5 in Fighting
  3163 | D:4      | Noticed Grinder
  3168 | D:4      | Paralysed by Grinder for 4 turns
  3184 | D:4      | Killed Grinder
  3185 | D:4      | Reached skill level 7 in Axes
  3255 | D:4      | Reached **** piety under Dithmenos
  3365 | D:4      | Found a basalt altar of Yredelemnul.
  3518 | D:4      | Found a runed translucent door.
  3519 | D:4      | Noticed Crazy Yiuf
  3532 | D:4      | Crazy Yiuf changed into Crazy Yiuf the orc
  3532 | D:4      | Noticed Crazy Yiuf
  3534 | D:4      | Killed Crazy Yiuf the orc
  3736 | D:4      | Found Dumpetie's Book Boutique.
  3736 | D:4      | Noticed Eustachio
  3756 | D:4      | Killed Eustachio
  3757 | D:4      | Reached skill level 8 in Axes
  3757 | D:4      | Reached XP level 8. HP: 63/70 MP: 11/11
  3784 | D:4      | Found Yteexa's Book Emporium.
  3905 | D:5      | Entered Level 5 of the Dungeon
  4291 | D:5      | Found a staircase to the Ecumenical Temple.
  4343 | D:5      | Reached skill level 9 in Axes
  4590 | D:5      | Found a sparkling altar of Nemelex Xobeh.
  5444 | D:3      | Found a glowing silver altar of Zin.
  5444 | D:3      | Found a stormy altar of Qazlal.
  5486 | Temple   | Entered the Ecumenical Temple
  5555 | D:6      | Found a white marble altar of Elyvilon.
  5639 | D:6      | Reached XP level 9. HP: 78/78 MP: 12/12
  5673 | D:6      | Reached skill level 10 in Axes
  6026 | D:6      | Found a blossoming altar of Fedhas.
  6026 | D:6      | Found a radiant altar of Vehumet.
  6697 | D:7      | Found a broken altar of Ashenzari.
  6798 | D:7      | Found an opulent altar of Gozag.
  6801 | D:7      | Found an iron altar of Okawaru.
  6807 | D:7      | Noticed a cyclops
  6819 | D:7      | Killed a cyclops
  6820 | D:7      | Reached skill level 11 in Axes
  6967 | D:7      | Found a shadowy altar of Dithmenos.
  6976 | D:7      | Noticed Pikel
  7005 | D:7      | Killed Pikel
  7011 | D:7      | Reached ***** piety under Dithmenos
  7163 | D:7      | Reached skill level 12 in Axes
  7433 | D:7      | Found a hazy altar of Hepliaklqana.
  7434 | D:7      | Noticed Menkaure
  7446 | D:7      | Killed Menkaure
  7447 | D:7      | Reached XP level 10. HP: 87/90 MP: 13/13
  7600 | D:8      | Noticed Erica
  7883 | D:8      | Killed Erica
  8078 | D:8      | Reached skill level 9 in Shields
  8314 | D:8      | Reached skill level 13 in Axes
  8327 | D:8      | Reached skill level 9 in Fighting
  8526 | D:8      | Noticed a two-headed ogre
  8533 | D:8      | Killed a two-headed ogre
  8576 | D:8      | Found Ikiz's Antique Armour Shop.
  8791 | D:8      | Bought a masterwork leather armour for 203 gold pieces
  8791 | D:8      | Identified the +0 leather armour of the Sparrow {Str-3
                  | Int+3} (You bought it in a shop on level 8 of the Dungeon)
  8794 | D:8      | Bought a runed chain mail for 217 gold pieces
  8811 | D:8      | Learned a level 2 spell: Blink
  8815 | D:8      | Learned a level 3 spell: Dazzling Flash
  8818 | D:8      | Learned a level 2 spell: Lesser Beckoning
  9059 | D:3      | Killed Sigmund
  9691 | D:9      | Paralysed by a hornet for 3 turns
  9710 | D:9      | Reached skill level 14 in Axes
  9710 | D:9      | Reached skill level 5 in Armour
  9745 | D:9      | Reached skill level 1 in Translocations
  9820 | D:9      | Reached XP level 11. HP: 90/97 MP: 14/14
 10462 | D:9      | Reached skill level 15 in Axes
 10548 | D:9      | Found a staircase to the Lair.
 10778 | D:10     | Entered Level 10 of the Dungeon
 10778 | D:10     | Noticed Nergalle
 10787 | D:9      | Killed Nergalle
 10822 | D:10     | Noticed Psyche
 10829 | D:9      | Killed Psyche
 10831 | D:10     | Noticed Fannar
 10835 | D:10     | Noticed Snorg
 10854 | D:9      | Killed Fannar
 10881 | D:10     | Noticed a two-headed ogre
 10881 | D:10     | Noticed a two-headed ogre
 10903 | D:9      | Killed Snorg
 11028 | D:10     | Noticed Sonja
 11124 | Lair:1   | Entered Level 1 of the Lair of Beasts
 11251 | Lair:1   | Reached skill level 16 in Axes
 11477 | Lair:1   | Reached ****** piety under Dithmenos
 11486 | Lair:1   | Reached skill level 1 in Spellcasting
 11681 | Lair:1   | Reached XP level 12. HP: 104/104 MP: 15/15
 12042 | Lair:2   | Found a hole to the Spider Nest.
 12299 | Lair:2   | Reached skill level 17 in Axes
 12311 | Lair:2   | Found a staircase to the Shoals.
 12452 | Lair:2   | Noticed an eight-headed hydra
 12465 | Lair:2   | Killed a two-headed hydra
 12561 | Lair:2   | Reached skill level 9 in Armour
 12579 | Lair:2   | Reached skill level 5 in Translocations
 13118 | Lair:3   | Noticed a seven-headed hydra
 13129 | Lair:3   | Killed a one-headed hydra
 13152 | Lair:3   | Noticed a six-headed hydra
 13166 | Lair:3   | Killed a three-headed hydra
 13167 | Lair:3   | Reached skill level 18 in Axes
 13251 | Lair:3   | Found a snail-covered altar of Cheibriados.
 13371 | Lair:3   | Noticed a catoblepas
 13389 | Lair:3   | Killed a catoblepas
 13862 | Lair:3   | Reached XP level 13. HP: 94/111 MP: 16/16
 14083 | Lair:4   | Reached skill level 5 in Invocations
 14523 | Lair:4   | Identified the +1 chain mail of Gozag's Inspiration {Regen+
                  | Int-2 SInv}
 15406 | Lair:5   | Entered Level 5 of the Lair of Beasts
 15418 | Lair:5   | Slain by a cane toad

Illustrated notes

Levels and vault maps discovered:
D:1:      lightli_iron_boxes, layout_loops_cross,
          hellmonk_ecumenical_altar_crossroads
D:2:      layout_basic, uniq_natasha
D:3:      layout_loops_ring, gammafunk_temple_overflow_pools, uniq_terence,
          uniq_sigmund, uniq_ijyb
D:4:      layout_gridville, mainiacjoe_overflow_24_doors,
          nicolae_uskayaw_en_pointe, serial_shops, nicolae_diamond_shop, shop,
          gup_sewer_entry_glass, uniq_eustachio, uniq_grinder,
          uniq_crazy_yiuf_cottage
D:5:      layout_loops_ring, nemelex_dance_club_becter,
          minmay_temple_entry_large_hall
D:6:      layout_loops_corners, mainiacjoe_overflow_small_starburst,
          gammafunk_temple_overflow_statue, minmay_checkerbox
D:7:      layout_basic, evilmike_ruin_ashenzari,
          grunt_dithmenos_smoke_and_mirrors, nicolae_overflow_squiral,
          lemuel_round_altar, hangedman_decor_riveting,
          kennysheep_generic_room_6, uniq_pikel, uniq_menkaure
D:8:      layout_rooms, serial_shops, shop, uniq_erica
D:9:      layout_irregular_city, erik_lair_dragon, grunt_ministairs_9
D:10:     layout_rooms, kennysheep_mini_moat, orc_0_dummy,
          chequers_serial_rivers_micro_c, uniq_fannar, uniq_psyche, uniq_joseph,
          uniq_nergalle, uniq_snorg, uniq_sonja
Temple:   corrupted_temple
Lair:1:   layout_cave_pods
Lair:2:   layout_small_grid, minmay_shoals_entry_centaurs, dummy_spider_entry
Lair:3:   layout_regular_city, kennysheep_snail_temple
Lair:4:   layout_layer_cave
Lair:5:   guppyfry_lair_end_dragon, layout_gridlike,
          hangedman_lair_caniforms_friends, minmay_slime_entry_pillars,
          small_statue_intersection, minmay_shattered_shrine

Skill      XL: |  1  2  3  4  5  6  7  8  9 10 11 12 13 |
---------------+----------------------------------------+-----
Axes           | 3 4 5 6 8 9 12 14 16 18 | 18.0
Invocations    | 1 2 3 4 8 |  8.3
Fighting       | 4 5 6 8 9 10 | 10.8
Shields        | 4 5 7 8 9 10 11 | 11.8
Armour         | 5 7 9 |  9.0
Translocations | 1 4 6 |  6.0
Spellcasting   | 1 2 |  2.0

Action                     |  1- 3 |  4- 6 |  7- 9 | 10-12 | 13-15 || total
---------------------------+-------+-------+-------+-------+-------++-------
  Melee: War axe           |    74 |   182 |   480 |   755 |   304 ||  1795
  Throw: Dart              |       |       |       |       |     1 ||     1
  Evoke: Wand              |       |     4 |     7 |    11 |     3 ||    25
         Sack of spiders   |       |       |       |     2 |       ||     2
    Use: Potion            |       |     3 |     3 |     2 |       ||     8
         Scroll            |       |       |     9 |     5 |       ||    14
 Armour: Scale mail        |    33 |       |       |       |       ||    33
         Chain mail        |    24 |   160 |   439 |   567 |   236 ||  1426
  Dodge: Dodged            |    24 |    68 |   165 |   223 |    77 ||   557
  Block: Buckler           |    14 |    34 |   118 |    70 |       ||   236
         Kite shield       |       |       |       |   194 |   117 ||   311

Table legend: (Time is in decaauts)
 A = Elapsed time spent in this place.
 B = Non-inter-level travel time spent in this place.
 C = Inter-level travel time spent in this place.
 D = Time resting spent in this place.
 E = Time spent auto-exploring this place.
 F = Levels seen in this place.
 G = Mean time per level.
                   A        B        C        D        E       F      G
               +--------+--------+--------+--------+--------+-----+--------+
         Total |  15440 |  14427 |   1013 |   1157 |   9641 |  17 |  908.2 |
       Dungeon |  10462 |   9515 |    947 |   1003 |   6133 |  10 | 1046.2 |
        Temple |     21 |     11 |     10 |      0 |      0 |   1 |   21.0 |
          Lair |   4177 |   4123 |     54 |    154 |   3055 |   5 |  835.4 |
         Sewer |    779 |    779 |      0 |      0 |    453 |   1 |  779.0 |
               +--------+--------+--------+--------+--------+-----+--------+

Top non-repeatable levels by time:
     D:9: 1629 daAuts
     D:5: 1576 daAuts
  Lair:4: 1475 daAuts
     D:7: 1263 daAuts
     D:4: 1227 daAuts
     D:6: 1190 daAuts
     D:2: 1024 daAuts
     D:8: 1006 daAuts
  Lair:3: 904 daAuts
  Lair:1: 901 daAuts
  Lair:2: 886 daAuts
     D:3: 844 daAuts
   Sewer: 779 daAuts
     D:1: 666 daAuts
    D:10: 32 daAuts
